Cogmind - Beta 13 @@@ ROGUE MODE // 2024.07.09 @ 21:44:11 Player: lexi^-^ Result: Destroyed by H-61 Shepherd with Heavy Assault Cannon Performance ------------- Evolutions (4) 2000 Regions Visited (8) 1600 Robots Destroyed (76) 380 Value Destroyed (1778) 1778 Prototype IDs (9) 180 Alien Tech Used (0) 0 Bonus (0) 0 TOTAL SCORE: 5938 Bonus ------- None Cogmind --------- Core Integrity 0/850 Matter 280/300 Energy 20/100 System Corruption 0% Temperature Cool (2) Movement Flying (35) Location -6/Factory Parts ------- > --- POWER (2) -------- (None) > --- PROPULSION (3) --- Surge Thruster > --- UTILITY (8) ------ Enhanced Optical Array > --- WEAPON (2) ------- (None) > --- INVENTORY (5) ---- Cold Fusion Reactor Microactuators Actuator Array Peak State ------------ > --- POWER ------------ Light Nuclear Core > --- PROPULSION ------- Combat Airjet Xenon Bombardment Thruster Xenon Bombardment Thruster > --- UTILITY ---------- Weight Redist. System Enhanced Optical Array Advanced Signal Interpreter Advanced Terrain Scanner Transmission Jammer Improved Medium Armor Plating System Shield > --- WEAPON ----------- Katana > --- INVENTORY -------- Advanced Signal Interpreter Microactuators Actuator Array Improved Light Armor Plating Improved Light Armor Plating [Rating: 48] Favorites ----------- Power Light Nuclear Core Engine Light Ion Engine Power Core Light Nuclear Core Propulsion Gravmag System Leg Aluminum Leg Wheel Wheel Hover Unit Gravmag System Flight Unit Xenon Bombardment Thruster Utility Improved Sensor Array Device Improved Sensor Array Storage Small Storage Unit Processor Terrain Scan Processor Hackware System Shield Protection Layered Light Armor Plating Weapon Katana Energy Gun Small Laser Ballistic Gun Improved Assault Rifle Impact Weapon Heavy Mace Slashing Weapon Katana Build | -11 -10 -9 -9 -8 -7 -7 -7 -6 ------- Run | Yrd Mat Mat Min Mat Fac Low Low Fac Slots Evolved 8 | . . 2 . 2 2 . . 2 Power 1 | . . . . 1 . . . . Propulsion 1 | . . . . . 1 . . . Utility 6 | . . 2 . 1 1 . . 2 Weapon . | . . . . . . . . . Parts Attached 113 | 8 2 20 2 25 41 . 4 11 Power 19 | 1 . 2 . 3 12 . 1 . Engine 7 | 1 . 2 . 1 3 . . . Core 12 | . . . . 2 9 . 1 . Reactor . | . . . . . . . . . Propulsion 36 | 3 1 8 . 5 14 . 1 4 Treads . | . . . . . . . . . Leg 9 | . . 4 . 2 3 . . . Wheel 10 | 3 1 4 . . 2 . . . Hover 9 | . . . . 3 5 . . 1 Flight 8 | . . . . . 4 . 1 3 Utility 41 | 2 1 6 2 8 13 . 2 7 Device 16 | 1 . 2 1 3 5 . 2 2 Storage 3 | 1 . . . . 2 . . . Processor 11 | . . 2 1 5 1 . . 2 Hackware 1 | . . . . . . . . 1 Protection 10 | . 1 2 . . 5 . . 2 Artifact . | . . . . . . . . . Weapon 17 | 2 . 4 . 9 2 . . . Energy Gun 4 | . . 1 . 3 . . . . Energy Cannon . | . . . . . . . . . Ballistic Gun 5 | 2 . 3 . . . . . . Ballistic Cannon . | . . . . . . . . . Launcher . | . . . . . . . . . Special Weapon . | . . . . . . . . . Impact Weapon 2 | . . . . 1 1 . . . Slashing Weapon 6 | . . . . 5 1 . . . Piercing Weapon . | . . . . . . . . . Special Melee Weapon . | . . . . . . . . . Unidentified Prototypes 5 | . . 2 . 1 2 . . . Parts Lost 44 | . 1 13 . 2 12 2 2 12 Power 7 | . . . . 1 4 1 . 1 Propulsion 19 | . 1 6 . 1 4 1 1 5 Utility 14 | . . 4 . . 4 . 1 5 Weapon 4 | . . 3 . . . . . 1 Highest Loss Streak 9 | . 1 6 . 1 4 2 2 9 To Critical Strikes . | . . . . . . . . . Average Slot Usage (%) 88 | . 85 72 100 96 87 91 70 61 Engine 3 | . . 6 11 4 . 7 5 . Core 7 | . . . . 10 9 6 1 3 Leg 5 | . . 6 22 12 1 . . . Wheel 3 | . 28 11 . . 2 . . . Hover 5 | . . . . 5 12 . . 2 Flight 4 | . . . . . 2 22 14 11 Device 15 | . 6 1 22 17 13 23 19 17 Storage 1 | . 14 9 . . . . . . Processor 19 | . . 9 22 27 24 7 5 8 Protection 5 | . 7 8 . . 4 15 15 4 Energy Gun 1 | . . 4 11 2 . . . . Ballistic Gun 3 | . 28 14 11 . . . . . Impact Weapon 2 | . . . . 1 5 . . . Slashing Weapon 7 | . . . . 13 7 7 7 5 Naked Turns . | . . . . . . . . . Heaviest Build 24 | 11 11 23 14 17 24 22 18 18 Greatest Support 30 | 26 20 20 20 30 27 24 18 18 Greatest Overweight (x) 5 | 1 . 5 . 4 5 . 1 1 Average Overweight (x) . | . . . . . . . . . Largest Inventory Capacity 10 | 8 8 8 5 5 10 5 5 5 Average Capacity 5 | 7 8 7 5 5 5 5 5 5 Most Carried 8 | 5 7 8 2 5 6 5 5 5 Average Carried 4 | 2 6 6 1 4 4 4 4 4 Final Capacity 8 | 8 8 5 5 5 5 5 5 5 Final Carried 7 | 4 7 2 2 4 5 5 4 3 Class Distribution -------------------- 24% | Scavenger-Mutant 23% | Mutant 20% | Scavenger-Scout 20% | Scavenger-Assassin 5% | Scavenger-Skirmisher 4% | Scout Dominant Class ---------------- Mutant | -10/Materials Mutant | -9/Materials Scavenger-Skirmisher | -9/Mines Scavenger-Assassin | -8/Materials Scavenger-Scout | -7/Factory Scavenger-Mutant | -7/Lower Caves Scavenger-Mutant | -7/Lower Caves Mutant | -6/Factory Resources | -11 -10 -9 -9 -8 -7 -7 -7 -6 ----------- Run | Yrd Mat Mat Min Mat Fac Low Low Fac Matter Collected 1725 | 332 123 425 66 308 376 . 37 58 Remotely . | . . . . . . . . . Salvage Created 3200 | 161 169 795 42 694 1208 . 81 50 Parts 181 | 15 14 41 6 54 46 . 4 1 Haulers Intercepted 8 | . . 2 . 3 3 . . . Recyclers Shooed 7 | 1 1 2 . . 3 . . . Parts Field Recycled . | . . . . . . . . . Retrieved Matter . | . . . . . . . . . Parts Self-Destructed 3 | . . . . . . . 3 . Prevented . | . . . . . . . . . Kills | -11 -10 -9 -9 -8 -7 -7 -7 -6 ------- Run | Yrd Mat Mat Min Mat Fac Low Low Fac Combat Hostiles Destroyed 35 | . 4 9 . 5 12 . 3 2 Melee 21 | . . . . 5 11 . 3 2 Guns 13 | . 4 9 . . . . . . Classes Destroyed 13 | 2 3 5 . 2 1 . . . Worker 1 | . . . . 1 . . . . Builder 8 | . 1 1 2 4 . . . . Tunneler 5 | 4 . . . . 1 . . . Hauler 8 | . . 2 . 3 3 . . . Recycler 9 | 1 1 2 . 1 4 . . . Mechanic 1 | . . 1 . . . . . . Operator 1 | . . 1 . . . . . . Watcher 8 | . . 1 . 3 4 . . . Swarmer 8 | . 3 . . . . . 3 2 Grunt 12 | . 1 5 . 1 5 . . . Sentry 11 | . . 4 . 3 4 . . . Hunter 2 | . . . . 1 1 . . . Programmer 2 | . . . . . 2 . . . Best Kill Streak 7 | 3 3 7 1 3 3 . 3 2 Combat Bots Only 3 | . 2 3 . 2 2 . 3 2 Max Kills in Single Turn 1 | 1 1 1 1 1 1 . 1 1 Gunslinging . | . . . . . . . . . Exploded . | . . . . . . . . . Melee 1 | . . . . 1 1 . 1 1 Uniques/NPCs Destroyed . | . . . . . . . . . Combat | -11 -10 -9 -9 -8 -7 -7 -7 -6 -------- Run | Yrd Mat Mat Min Mat Fac Low Low Fac Hostile Shots Fired 584 | . 59 127 1 25 197 10 25 140 Missed 201 | . 21 31 1 9 70 2 9 58 Damage Taken 5264 | . 356 1295 . 244 1389 189 238 1553 Core 1807 | . 63 291 . 71 420 23 47 892 Absorbed by Shields . | . . . . . . . . . Regen/Repaired (Parts) 38 | . . . . . 38 . . . Core Remaining (%) 63 | 100 74 . 27 87 . . 30 . Volleys Fired 162 | 13 35 96 5 13 . . . . Largest 2 | 2 2 2 2 1 . . . . Hottest 63 | 40 40 63 63 40 . . . . Shots Fired 260 | 26 70 141 10 13 . . . . Gun 260 | 26 70 141 10 13 . . . . Cannon . | . . . . . . . . . Launcher . | . . . . . . . . . Special . | . . . . . . . . . Kinetic 224 | 26 70 116 5 7 . . . . Thermal 36 | . . 25 5 6 . . . . Explosive . | . . . . . . . . . Electromagnetic . | . . . . . . . . . Robot Hit Streak 15 | 6 8 15 4 5 . . . . Robot Miss Streak 5 | 3 5 4 2 2 . . . . Penetration Max . | . . . . . . . . . Secondary Targets . | . . . . . . . . . Shots Hit Robots 302 | 16 33 105 5 39 90 4 5 5 Core Hits 101 | 7 12 34 2 17 23 . 3 3 Critical Kills . | . . . . . . . . . Critical Parts Destroyed 4 | . . . . . 4 . . . Critical Strikes 18 | . . . . 4 14 . . . Smash 4 | . . . . . 4 . . . Sever 14 | . . . . 4 10 . . . Melee Attacks 203 | . . . . 42 118 17 8 18 Impact 24 | . . . . 1 23 . . . Slashing 179 | . . . . 41 95 17 8 18 Piercing . | . . . . . . . . . Sneak Attacks 31 | . . . . 12 18 1 . . Combat Hostiles 4 | . . . . . 3 1 . . Follow-up Attacks 14 | . . . . 3 11 . . . Damage Inflicted 7719 | 184 362 1373 60 1521 3718 156 173 172 Guns 2064 | 184 362 1373 60 85 . . . . Cannons . | . . . . . . . . . Explosions . | . . . . . . . . . Melee 5646 | . . . . 1436 3718 156 173 163 Ramming 9 | . . . . . . . . 9 Kinetic 1770 | 184 362 1165 28 31 . . . . Thermal 294 | . . 208 32 54 . . . . Explosive . | . . . . . . . . . Electromagnetic . | . . . . . . . . . Impact 846 | . . . . . 846 . . . Slashing 4800 | . . . . 1436 2872 156 173 163 Piercing . | . . . . . . . . . Highest Corruption 1 | . . . . . 1 1 1 . Average Corruption 1 | . . . . . 1 1 1 . Corruption Purged . | . . . . . . . . . Corruption Blocked . | . . . . . . . . . Effects 18 | . . . . . 12 6 . . Message Errors 7 | . . . . . 5 2 . . Matter Fused 3 | . . . . . 3 . . . Heat Flow Errors 1 | . . . . . 1 . . . Energy Discharges 2 | . . . . . 1 1 . . Data Loss (minor) 5 | . . . . . 2 3 . . Overload Shots . | . . . . . . . . . Overflow Damage 718 | . . . . 186 523 . . 9 Projectiles . | . . . . . . . . . Explosions . | . . . . . . . . . Melee 718 | . . . . 186 523 . . 9 Knockbacks 2 | . . . . . 2 . . . Impact 2 | . . . . . 2 . . . Kinetic . | . . . . . . . . . Secondary . | . . . . . . . . . Self-Inflicted Damage 4 | . . . . . . . . 4 Shots . | . . . . . . . . . Rammed 3 | . . . . . . . . 3 Targets Rammed 3 | . . . . . . . . 3 Kicked . | . . . . . . . . . Crushed . | . . . . . . . . . Highest Temperature 353 | . 1 353 . 10 269 . . . Average Temperature 65 | . 1 62 . 7 94 . . . Received Heat Transfer 1362 | . 90 546 . 126 522 36 . 42 Siege Activations . | . . . . . . . . . Robots Corrupted . | . . . . . . . . . Combat Hostiles . | . . . . . . . . . Parts Fried 8 | . . . . . 8 . . . Impact Corruptions 12 | . . . . . 12 . . . Robots Melted . | . . . . . . . . . Combat Hostiles . | . . . . . . . . . Parts Melted 1 | . . 1 . . . . . . Heat Transferred 675 | . . 475 75 125 . . . . Parts Sabotaged . | . . . . . . . . . Parts Stolen . | . . . . . . . . . Parts Stripped . | . . . . . . . . . Power Chain Reactions . | . . . . . . . . . Alert | -11 -10 -9 -9 -8 -7 -7 -7 -6 ------- Run | Yrd Mat Mat Min Mat Fac Low Low Fac Peak Influence 243 | 25 186 243 99 117 207 . . 152 Initial 46 | . 16 . 44 38 14 . . 46 Average 62 | 8 103 65 51 41 73 . . 89 Maximum Alert Level 1 | . . 1 . . 1 . . . Low Security (%) 97 | 100 100 88 100 100 97 . . 100 Level 1 2 | . . 11 . . 2 . . . Level 2 . | . . . . . . . . . Level 3 . | . . . . . . . . . Level 4 . | . . . . . . . . . Level 5 . | . . . . . . . . . High Security . | . . . . . . . . . Max Security . | . . . . . . . . . Squads Dispatched 16 | . 3 1 . 1 9 . . 2 Investigation 7 | . 1 1 . . 5 . . . Extermination 2 | . . . . . 2 . . . Reinforcement 7 | . 2 . . 1 2 . . 2 Assault . | . . . . . . . . . Garrison . | . . . . . . . . . Intercept . | . . . . . . . . . Searches Triggered . | . . . . . . . . . Construction Impeded . | . . . . . . . . . Haulers Reinforced 1 | . . . . . 1 . . . Active Scanning Responses . | . . . . . . . . . Cargo Convoy Interrupts . | . . . . . . . . . Stealth | -11 -10 -9 -9 -8 -7 -7 -7 -6 --------- Run | Yrd Mat Mat Min Mat Fac Low Low Fac Distress Signals 6 | . . 4 . 2 . . . . Communications Jammed . | . . . . . . . . . Distress Signals . | . . . . . . . . . Times Spotted 106 | . 14 23 2 18 28 6 3 12 Peak Tracking Total 8 | . 5 8 2 3 3 3 3 6 Tactical Retreats 11 | . 1 3 1 . 3 3 . . Traps | -11 -10 -9 -9 -8 -7 -7 -7 -6 ------- Run | Yrd Mat Mat Min Mat Fac Low Low Fac Traps Triggered 7 | . 1 . . . 4 . . 2 Indirectly . | . . . . . . . . . Trap Hack Attempts . | . . . . . . . . . Triggered . | . . . . . . . . . Disarmed . | . . . . . . . . . Reprogrammed . | . . . . . . . . . Reused . | . . . . . . . . . Traps Extracted . | . . . . . . . . . Installed . | . . . . . . . . . Triggered . | . . . . . . . . . Machines | -11 -10 -9 -9 -8 -7 -7 -7 -6 ---------- Run | Yrd Mat Mat Min Mat Fac Low Low Fac Machines Disabled . | . . . . . . . . . Max in Single Turn . | . . . . . . . . . Machines Repaired . | . . . . . . . . . Machines Dismantled . | . . . . . . . . . Machines Sabotaged . | . . . . . . . . . Overloaded Fab Kills . | . . . . . . . . . Hacking | -11 -10 -9 -9 -8 -7 -7 -7 -6 --------- Run | Yrd Mat Mat Min Mat Fac Low Low Fac Machines Accessed 24 | . 2 4 . 8 7 . . 3 Terminals 16 | . 2 3 . 5 4 . . 2 Fabricators 2 | . . . . . 1 . . 1 Repair Stations 1 | . . . . . 1 . . . Recycling Units 4 | . . 1 . 2 1 . . . Scanalyzers . | . . . . . . . . . Garrison Access 1 | . . . . 1 . . . . Total Hacks 62 | . 4 17 . 20 12 . . 9 Successful 29 | . 2 8 . 11 4 . . 4 Failed 33 | . 2 9 . 9 8 . . 5 Catastrophic 7 | . . 2 . 1 3 . . 1 Database Lockouts . | . . . . . . . . . Manual . | . . . . . . . . . Terminals 46 | . 4 13 . 16 7 . . 6 Fabricators 4 | . . . . . 1 . . 3 Repair Stations 2 | . . . . . 2 . . . Recycling Units 8 | . . 4 . 2 2 . . . Scanalyzers . | . . . . . . . . . Garrison Access 2 | . . . . 2 . . . . Terminal Hacks 22 | . 2 6 . 9 1 . . 4 Record 3 | . . 3 . . . . . . Prototype ID Bank 2 | . . . . 1 1 . . . Open DSF 1 | . . . . . . . . 1 Branch Access Points 1 | . . 1 . . . . . . Alert Level 1 | . . . . . . . . 1 Locate Traps 3 | . . 1 . 2 . . . . Dispatch Records 2 | . . . . 2 . . . . Maintenance Status 2 | . . . . 1 . . . 1 Hauler Manifests 4 | . 1 1 . 1 . . . 1 Registered Components 1 | . . . . 1 . . . . Zone Layout 2 | . 1 . . 1 . . . . Fabricator Hacks 1 | . . . . . 1 . . . Network Status 1 | . . . . . 1 . . . Repair Station Hacks 2 | . . . . . 2 . . . Scan Component 1 | . . . . . 1 . . . Repair 1 | . . . . . 1 . . . Recycling Unit Hacks 4 | . . 2 . 2 . . . . Retrieve Components 4 | . . 2 . 2 . . . . Scanalyzer . | . . . . . . . . . Garrison Access Hacks . | . . . . . . . . . Unauthorized Hacks . | . . . . . . . . . Terminals . | . . . . . . . . . Fabricators . | . . . . . . . . . Repair Stations . | . . . . . . . . . Recycling Units . | . . . . . . . . . Scanalyzers . | . . . . . . . . . Garrison Access . | . . . . . . . . . Data Cores Recovered 1 | . . 1 . . . . . . Used . | . . . . . . . . . Hacking Detections 19 | . 2 3 . 5 6 . . 3 Full Trace Events 5 | . . 2 . . 3 . . . Feedback Events . | . . . . . . . . . Feedback Blocked . | . . . . . . . . . Robot Schematics Acquired . | . . . . . . . . . Robots Built . | . . . . . . . . . Authchips . | . . . . . . . . . Time . | . . . . . . . . . Total Robot Build Rating . | . . . . . . . . . Part Schematics Acquired . | . . . . . . . . . Parts Built . | . . . . . . . . . Authchips . | . . . . . . . . . Time . | . . . . . . . . . Total Part Build Rating . | . . . . . . . . . Parts Repaired 1 | . . . . . 1 . . . Time 44 | . . . . . 44 . . . Parts Recycled . | . . . . . . . . . Recycled Matter . | . . . . . . . . . Retrieved Matter . | . . . . . . . . . Retrieved Components 19 | . . . . 19 . . . . Parts Scanalyzed . | . . . . . . . . . Part Schematics Acquired . | . . . . . . . . . Parts Damaged . | . . . . . . . . . Bothacking | -11 -10 -9 -9 -8 -7 -7 -7 -6 ------------ Run | Yrd Mat Mat Min Mat Fac Low Low Fac Used RIF Installer . | . . . . . . . . . Robots Hacked . | . . . . . . . . . Non-combat . | . . . . . . . . . Combat . | . . . . . . . . . Robot Hacks Applied . | . . . . . . . . . Relay Couplers Released . | . . . . . . . . . Fabnet Peak Effective % . | . . . . . . . . . Robots Rewired . | . . . . . . . . . Allies Hacked . | . . . . . . . . . Hacks Repelled . | . . . . . . . . . Allies | -11 -10 -9 -9 -8 -7 -7 -7 -6 -------- Run | Yrd Mat Mat Min Mat Fac Low Low Fac Total Allies . | . . . . . . . . . Largest Group . | . . . . . . . . . Highest-Rated Group . | . . . . . . . . . Highest-Rated Ally . | . . . . . . . . . Total Orders . | . . . . . . . . . Ally Attacks . | . . . . . . . . . Total Damage . | . . . . . . . . . Kills . | . . . . . . . . . Allies Corrupted . | . . . . . . . . . Allies Melted . | . . . . . . . . . Intel | -11 -10 -9 -9 -8 -7 -7 -7 -6 ------- Run | Yrd Mat Mat Min Mat Fac Low Low Fac Robot Analysis Total . | . . . . . . . . . Derelict Logs Recovered 1 | . . . 1 . . . . . Drone Launches . | . . . . . . . . . Drone Recoveries . | . . . . . . . . . Exploration | -11 -10 -9 -9 -8 -7 -7 -7 -6 ------------- Run | Yrd Mat Mat Min Mat Fac Low Low Fac Turns Passed 6916 | 118 403 562 302 2066 2163 857 88 357 Spaces Moved 5633 | 77 352 290 171 1073 1853 1141 164 512 Core 74 | 15 . 1 . 4 15 . . 39 Treads . | . . . . . . . . . Legs 797 | . . 85 171 516 25 . . . Wheels 689 | 62 352 204 . . 71 . . . Hover 2248 | . . . . 553 1580 . . 115 Flight 1825 | . . . . . 162 1141 164 358 Fastest Speed 34 | 50 80 80 120 56 34 34 37 35 Average Speed 64 | 80 80 99 120 87 62 34 37 47 Slowest Speed 300 | 100 80 300 120 250 300 37 120 100 Overloaded Moves . | . . . . . . . . . Propulsion Burnouts . | . . . . . . . . . Robots Hopped . | . . . . . . . . . Cave-ins Triggered . | . . . . . . . . . Exploration Rate (%) 35 | 4 55 32 36 55 30 77 20 12 Regions Visited 8 Branch Regions 3 Pre-discovered Areas . | . . . . . . . . . Known Exits Taken 5 | . . 1 1 1 1 1 . . Unknown Exits Taken 3 | 1 1 . . . . . 1 . Scrap Searched 3 | . . . 1 . . 2 . . Spaces Dug 23 | . . . . . 5 11 . 7 Terrain Destroyed 23 | . . . . . 5 11 . 7 Melee 23 | . . . . . 5 11 . 7 Projectile . | . . . . . . . . . AOE . | . . . . . . . . . Terrain Rammed . | . . . . . . . . . Walls Destroyed . | . . . . . . . . . Machines Disabled . | . . . . . . . . . Actions | -11 -10 -9 -9 -8 -7 -7 -7 -6 --------- Run | Yrd Mat Mat Min Mat Fac Low Low Fac Total 8369 | 109 409 423 258 2126 2688 1582 179 595 Wait 2125 | . 17 5 78 945 647 423 . 10 Move 5625 | 76 351 289 170 1072 1852 1140 163 512 Hop . | . . . . . . . . . Pick Up 51 | 10 4 7 1 12 14 1 . 2 Fast Attach 62 | 1 . 11 1 13 27 . 1 8 Attach 39 | 6 1 10 1 5 10 . 3 3 Detach 10 | 1 . . . 1 5 . 2 1 Swap 14 | 1 1 . . 8 4 . . . Drop 57 | 1 . 5 2 19 25 1 2 2 Fire 162 | 13 35 96 5 13 . . . . Melee 185 | . . . . 38 104 17 8 18 Ram 3 | . . . . . . . . 3 Kick . | . . . . . . . . . Crush . | . . . . . . . . . Escape Stasis 36 | . . . . . . . . 36 Rewire . | . . . . . . . . . Trap . | . . . . . . . . . Miscellaneous . | . . . . . . . . . Route ------- -11/Scrapyard -10/Materials -9/Materials -9/Mines -8/Materials (discovered 3 exits: *Fac x2 / Sto) -7/Factory -7/Lower Caves -7/Lower Caves -6/Factory (discovered 2 exits: [*Fac] / [*Low]) History --------- Turn | Location | Event 2 | -11/Scrapyard | Met Revision 17 8 | -11/Scrapyard | Discovered new exit (range 16) 119 | -11/Scrapyard | Entered Materials 312 | -10/Materials | Build established: Mutant 447 | -10/Materials | Discovered new exit (range 3) 522 | -10/Materials | Entered another Materials area 522 | -9/Materials | Evolved 2 slots: Utility x2 726 | -9/Materials | Identified exit to Mines 802 | -9/Materials | Lost 6 parts (1n2u3w) 956 | -9/Materials | Core integrity fell below 50% 1084 | -9/Materials | Entered Mines 1088 | -9/Mines | Discovered new exit (range 10) 1102 | -9/Mines | YI-UF0 nonchalantly dropped a Grenade Launcher on the ground 1117 | -9/Mines | Identified exit to Materials 1303 | -9/Mines | Learned location of 1 exit from Materials 1367 | -9/Mines | Build established: Scavenger-Skirmisher 1386 | -9/Mines | Entered Materials 1386 | -8/Materials | Evolved 2 slots: Power x1, Utility x1 1387 | -8/Materials | Identified exit to Storage 1961 | -8/Materials | Build established: Scavenger-Assassin 2722 | -8/Materials | Discovered new exit (range 16) 3415 | -8/Materials | Build established: Scavenger-Scout 3423 | -8/Materials | Discovered new exit (range 10) 3451 | -8/Materials | Identified exit to Factory 3452 | -8/Materials | Entered Factory 3452 | -7/Factory | Evolved 2 slots: Propulsion x1, Utility x1 3486 | -7/Factory | Discovered new exit (range 11) 3848 | -7/Factory | Lost 3 parts (1p1n1u) 3935 | -7/Factory | Repaired Gravmag System 4792 | -7/Factory | Lost 4 parts (2n2u) 5025 | -7/Factory | Build established: Mutant 5355 | -7/Factory | Build established: Scavenger-Mutant 5529 | -7/Factory | Core integrity fell below 50% 5610 | -7/Factory | Identified exit to Lower Caves 5615 | -7/Factory | Entered Lower Caves 6389 | -7/Lower Caves | Discovered new exit (range 8) 6394 | -7/Lower Caves | Identified exit to Lower Caves 6436 | -7/Lower Caves | Attracted the attention of an 0b10 base 6472 | -7/Lower Caves | Entered another Lower Caves area 6552 | -7/Lower Caves | Discovered new exit (range 12) 6560 | -7/Lower Caves | Entered Factory 6560 | -6/Factory | Evolved 2 slots: Utility x2 6658 | -6/Factory | Discovered new exit (range 7) 6801 | -6/Factory | Lost 3 parts (1p1n1u) 6821 | -6/Factory | Build established: Mutant 6877 | -6/Factory | Discovered new exit (range 12) 6902 | -6/Factory | Core integrity fell below 50% 6909 | -6/Factory | Core integrity fell below 20% 6917 | -6/Factory | Destroyed by H-61 Shepherd with Heavy Assault Cannon Last Messages --------------- disabled. 06901_ Adv. Terrain Scanner severed. 06902_ Slammed into S-27 Virus. 06903_ Penetrated by Slug. 06904_ K-01 Serf collects debris. 06905_ U-05 Engineer builds a Wall. 06908_ K-01 Serf collects debris. 06908_ Knocked back. 06909_ Acquired Surge Thruster. 06909_ U-05 Engineer builds a Wall. 06910_ K-01 Serf destroyed. 06910_ Surge Thruster destroyed. 06912_ Knocked back. 06913_ Acquired Surge Thruster. 06914_ C-17 Slicer destroyed. 06914_ Imp. Light Armor Plating destroyed. 06914_ U-05 Engineer builds a Wall. 06914_ Nuclear Reactor explodes. 06914_ Y-54 Guardian destroyed. 06916_ The unstable cave ceiling collapses. Map ----- +----------------------------------------------------+ | ??????????## # T"#?????????????????? | | ???????????# # ""#?????????????????? | | ????????? # # #???????????? ????? | | ?????? ????# #############?????????????????? | | ??? ???????# ##????#???????????????????????? | | ?#?????????# #????#??????#????????????????? | | ???????????# ###########??????????????????? | | ???????????# +? ?????????? | | ?????????"?# ###########??????????????????? | | ???????????# #????????#???#???????######### | | ???????????# ######?##??????#???????# | | ???#+#+#+### # #?? ?#????????????# """ | | ???# # #?? ########??????# """ | | ???# + #### # ###????# """ | | ???# " ### # #????# | | ??## " #?# # ##??## """ | | ???# " ### ; #?#?# """ | | ???# " ### # #???# """ | | ???# " ! " " # #?#?# %! | | ???# " !* ######## % ######"#/"### | | ???# " *! #??????# % | | ???# !! " #??????# # | | ???# ! " #??????# # | | ???# #??????# s | | ???# +??????#% !%/ % | | ???#+##### # ?????# @ = ; ###+#### | | ??????? ?# #??????#+ !%%; #??????? | | ?????????### ###??????# ## #??????? | | ????????#??# ?????????# ?#### H #??????? | | ???????????# ???#????## ????# #??????? | | ??????????? ?????????# ????# #??????? | | ??????????? ]????????? ???? #??????? | | ??????????? ?????????#???# #??????? | | ???????????#+?????????????# #??????? | | ??????????????????????????# #??????? | | ??????????????"???????#???# #??????? | | ??????????????????????????# < #??????? | | ??????????????????????????# #??????? | | ??????????????????????????# #??????? | | ??????????????????????????###########+####?#????? | | ????????????????????????????????????????? ??????? | | ????????????????????????????????????????????????? | | ????????????????????????????????????????????????? | | ????????????????????????????????????????????????? | | ????????????????????????????????????????????????? | | ????????????????????????????????????????????????? | | ????????????????????????????????????????????????? | | ????????????????????????????????????????????????? | | ????????????????????????????????????????????????? | | ????????????????????????????????????????????????? | +----------------------------------------------------+ Best States ------------- Heat Dissipation 37 Energy Generation 25 Energy Capacity 350 Matter Stores 300 Matter Capacity 300 Sight Range 22 Robot Scan Range 15 Terrain Scan Range 20 Terrain Scan Density 260 Jamming Range 12 Additional Mass Support 6 Armor Coverage 450 Evasion (%) 63 Melee Accuracy 5 Defensive Hacking 10 Item Schematics ----------------- None Robot Schematics ------------------ None Fabricated ------------ Nothing Alien Tech Used ----------------- None Achievements -------------- Omniscient Cartographer Part-time Excavator Challenges ------------ None Game ------ Seed EtherialBurstNanosword Manual? 0 Play Time 01:59:25 Cumulative 42.9 hours Start 2024.07.07 @ 20:45:41 End 2024.07.09 @ 21:44:11 Sessions 3 Manual Loads 0 Difficulty Rogue Special Mode None Game No. 23 Rogue 13 Adventurer 10 Explorer 0 Win Type - Total 0 Types 0/0/0/0/0/0/0/0/0 Lore% 10 Gallery% 30 Achievement% 24 Wizard Run 0 Options --------- Layout 1 ASCII 0 Keyboard 0 Movement Mouse Keybinds 0 Fullscreen 2 Font 24/Smallcaps Map View 50x35 Zoom Use 0% Tactical HUD 1 Map Filters NONE Filters NONE Steam 1 RUN: 6d687dd5-4d88-4d73-a17a-ee973faf8ccf